 Dungeon Crawl Stone Soup version 0.31-a0-963-ga325b2283a (webtiles) character file.

Game seed: 6702897780505093736

74 Maxmaps the Changeling (level 4, -2/42 HPs)
             Began as an Octopode Shapeshifter on Oct 25, 2023.
             Slain by a gnoll
             ... wielding a +0 spear
              (3 damage)
             ... on level 2 of the Dungeon.
             The game lasted 00:01:02 (1016 turns).

Maxmaps the Changeling (Octopode Shapeshifter)      Turns: 1016, Time: 00:01:02

Health: -2/42      AC: 22    Str: 13    XL:     4   Next: 28%
Magic:  4/4        EV:  2    Int: 14    God:
Gold:   72         SH:  0    Dex: 11    Spells: 3/3 levels left

rFire   + .          .
                       - Unarmed
rCold   . . .        (no shield)
rNeg    . . .        (helmet currently unavailable)
rPois   +            (no amulet)
rElec   .            i - ring of protection from fire
rCorr   .            (no ring)
SInv    .            (no ring)
Will    .....        (no ring)
Stlth   +            (no ring)
HPRegen 0.27/turn    (no ring)
MPRegen 0.09/turn    (no ring)
                     (no ring)

%: no passive effects
@: tree-form
A: stationary, stasis, torment immunity, boosted hp, almost no armour,
(amphibious), 8 rings, (camouflage 1), (gelatinous body 1), (nimble swimmer 1),
(tentacles), mutation resistance 1
a: no special abilities


You were on level 2 of the Dungeon.
You were a tree.
You visited 1 branch of the dungeon, and saw 2 of its levels.

You collected 72 gold pieces.

Inventory:

Armour
 f - a +2 hat
Jewellery
 i - a ring of protection from fire (left branch)
Talismans
 b - a beast talisman
 c - a flux talisman
Scrolls
 d - a scroll of identify {unknown}
 e - a scroll of enchant weapon {unknown}
 g - a scroll of teleportation {unknown}
 h - a scroll of vulnerability {unknown}


   Skills:
 - Level 1.0 Fighting
 - Level 2.0 Dodging
 - Level 3.0 Unarmed Combat
 + Level 4.7 Shapeshifting


You had 3 spell levels left.
You didn't know any spells.
Your spell library was empty.

Dungeon Overview and Level Annotations

Branches:
Dungeon (2/15)

Altars:


Innate Abilities, Weirdness & Mutations

You are a tree.
Your roots penetrate the ground, keeping you stationary.
You cannot be teleported.
You are immune to unholy pain and torment.
Your maximum health is greatly increased.
You cannot wear most types of armour.
((You are amphibious.))
You can wear up to eight rings at the same time.
((Your skin changes colour to match your surroundings (Stealth+).))
((Your rubbery body absorbs attacks. (AC +1, EV +1)))
((You are camouflaged when in or above water. (Stealth+)))
((You have tentacles for arms and can constrict up to eight enemies at once.))
You are somewhat resistant to further mutation.


Message History

* * * LOW HITPOINT WARNING * * *
You miss the adder.
The gnoll hits you but does no damage. x2
The adder bites you but does no damage.
You smack the adder!
You kill the adder!
The gnoll hits you from afar with a +0 spear.
* * * LOW HITPOINT WARNING * * *
The gnoll hits you but does no damage.
You have reached level 4!
You hit the gnoll but do no damage.
The gnoll hits you from afar with a +0 spear.
* * * LOW HITPOINT WARNING * * *
The gnoll hits you but does no damage.
You smack the gnoll!
The gnoll is heavily wounded.
The gnoll hits you but does no damage. x2
You smack the gnoll!
You kill the gnoll!
The gnoll hits you but does no damage.
It was a potion of mutation.
You feel extremely strange.
You feel genetically stable. The gnoll hits you but does no damage.
i - a ring of protection from fire (left branch)
The gnoll hits you but does no damage.
The gnoll hits you from afar with a +0 spear.
* * * LOW HITPOINT WARNING * * *
The gnoll hits you but does no damage. The gnoll hits you but does no damage.
The gnoll hits you but does no damage.
The gnoll hits you from afar with a +0 spear.
* * * LOW HITPOINT WARNING * * *
You smack the frilled lizard!
You kill the frilled lizard!
The gnoll hits you but does no damage. The gnoll hits you but does no damage.
The gnoll hits you but does no damage.
The gnoll hits you from afar with a +0 spear.
* * * LOW HITPOINT WARNING * * *
The gnoll hits you from afar with a +0 spear.
You die...

. ######### #.. .....
........#####..###....
..###...<............
......#####..#.#....
..##########.......
...†............#g#
#.............#)†)###
#......###.##..)♣)..###
..####......####..#.....
### #####..###......###
#...........#
#...###.......# #..###
##......# #...#
######... ..## ##.. # #.


You could see a gnoll.

Vanquished Creatures
  3 gnolls (D:2)
  2 adders (D:2)
  A bat (D:1)
  4 giant cockroaches
  2 goblins
  3 hobgoblins (D:1)
  2 jackals (D:1)
  A kobold (D:1)
  4 ball pythons
  4 frilled lizards
26 creatures vanquished.

Notes
Turn   | Place    | Note
-------+----------+-------------------------------------------
     0 | D:1      | Maxmaps the Octopode Shapeshifter began the quest for the
                  | Orb.
     0 | D:1      | Reached XP level 1. HP: 13/13 MP: 1/1
   296 | D:1      | Found a faded altar of an unknown god.
   399 | D:1      | Reached XP level 2. HP: 15/18 MP: 2/2
   948 | D:2      | Reached XP level 3. HP: 19/23 MP: 3/3
   989 | D:2      | Reached skill level 4 in Shapeshifting
  1001 | D:2      | Reached XP level 4. HP: 10/28 MP: 4/4
  1004 | D:2      | Gained mutation: You are somewhat resistant to further
                  | mutation. [potion of mutation]
  1015 | D:2      | HP: 1/42 [gnoll/+0 spear (4)]
  1016 | D:2      | Slain by a gnoll

Illustrated notes

Levels and vault maps discovered:
D:1:      heliophobic_arrival_ceremonial_halls, layout_loops_corners,
          hellmonk_ecumenical_altar_lost_god, hangedman_decor_points,
          minmay_misc_feat_secret_circle, st_stairs_3
D:2:      layout_rooms, basic_altar

Skill      XL: |  1  2  3 |
---------------+----------+-----
Shapeshifting  | 4 |  4.7
Fighting       | |  1.0
Dodging        | |  2.0
Unarmed Combat | |  3.0

Action                     |  1- 3 |  4- 6 || total
---------------------------+-------+-------++-------
  Melee: Unarmed           |    61 |     4 ||    65
         Constrict         |    13 |       ||    13
         Tentacles         |     9 |       ||     9
    Use: Potion            |     1 |     1 ||     2
   Stab: Sleeping          |     2 |       ||     2
 Armour: Skin              |    61 |    17 ||    78
  Dodge: Dodged            |    26 |       ||    26

Table legend: (Time is in decaauts)
 A = Elapsed time spent in this place.
 B = Non-inter-level travel time spent in this place.
 C = Inter-level travel time spent in this place.
 D = Time resting spent in this place.
 E = Time spent auto-exploring this place.
 F = Levels seen in this place.
 G = Mean time per level.
                   A        B        C        D        E       F      G
               +--------+--------+--------+--------+--------+-----+--------+
         Total |   1012 |    957 |     55 |      0 |    791 |   2 |  506.0 |
       Dungeon |   1012 |    957 |     55 |      0 |    791 |   2 |  506.0 |
               +--------+--------+--------+--------+--------+-----+--------+

Top non-repeatable levels by time:
     D:1: 884 daAuts
     D:2: 127 daAuts
